[Event "Team 45 45 League T55"]
[Site "Internet Chess Club"]
[Date "2012.11.17"]
[Round "1"]
[White "xwang1"]
[Black "steadman"]
[Result "0-1"]
[WhiteElo "2018"]
[BlackElo "2116"]
[Opening "Sicilian: Taimanov variation"]
[ECO "B48"]
[Time "18:15:52"]
[TimeControl "2700+45"]

1. e4 c5 2. Nf3 Nc6 3. d4 cxd4 4. Nxd4 e6 5. Nc3 Qc7 6. Be3 a6 7. f3 Nf6 8. Qd2
Be7 9. O-O-O O-O 10. g4 b5 11. g5 Nh5 12. Nce2 Rd8 13. Ng3 Nxd4 14. Nxh5 Nxf3
15. Qf2 Ne5 16. Bb6 Qb8 17. Bxd8 Bxd8 18. Qg3 Ng6 19. Qxb8 Bxg5+ 20. Qf4 Nxf4
21. Nxf4 Bxf4+ 22. Kb1 d6 23. Bd3 Bb7 24. h3 Rc8 25. c3 Rc5 26. Rhf1 Be5 27. Rd2
Kf8 28. Rc2 Ke7 29. Kc1 Bf6 30. Kd1 Rh5 31. Rf3 Re5 32. Re2 h6 33. Kc2 Bg5 34.
Rf1 Bf6 35. Ra1 Bc6 36. Rae1 Rh5 37. Re3 Bh4 38. Rd1 Bg5 39. Rg3 Rh4 40. Re1 Rf4
41. Re2 Bf6 42. Rge3 Be5 43. a4 g5 44. axb5 axb5 45. Re1 h5 46. Ra1 g4 47. hxg4
hxg4 48. Ra7+ Kd8 49. Ra6 Kc7 50. Ra7+ Kb6 51. Ra1 g3 52. Re2 f5 53. exf5 exf5
54. Rg1 Rf3 55. b3 Be4 56. Rd2 Bf4 57. Bxe4 fxe4 58. Re2 Be5 59. Rb1 Rxc3+ 60.
Kd2 d5 61. Ree1 Rf3 62. Re2 Bd4 63. Kc2 Bf2 64. Rd2 d4 65. Rdd1 g2 66. Kb2 Rg3
67. Rg1 Bxg1 68. Rxg1 Kc5 69. Kc2 Kb4 {White resigns} 0-1

[Event "Team 45 45 League T55"]
[Site "Internet Chess Club"]
[Date "2012.11.18"]
[Round "1"]
[White "Kueh"]
[Black "jt2000"]
[Result "1-0"]
[WhiteElo "1987"]
[BlackElo "1751"]
[Opening "Sicilian: Canal-Sokolsky attack, 3...Bd7"]
[ECO "B52"]
[Time "11:03:13"]
[TimeControl "2700+45"]

1. e4 c5 2. Nf3 d6 3. Bb5+ Bd7 4. Bxd7+ Nxd7 5. O-O Ngf6 6. Re1 e6 7. c3 Be7 8.
d4 cxd4 9. cxd4 O-O 10. Nc3 a6 11. a4 b6 12. Qd3 d5 13. e5 Ne8 14. b3 Bb4 15.
Ng5 g6 16. Qh3 h5 17. g4 Ng7 18. Bd2 Bxc3 19. Qxc3 Rc8 20. Qh3 Rc2 21. Bf4 Qc8
22. Re3 Rb2 23. Rc3 Qd8 24. Rac1 f6 25. gxh5 gxh5 26. Nxe6 Nxe6 27. Qxe6+ Kh7
28. Rc8 Re8 29. Qf7+ {Black resigns} 1-0

[Event "Team 45 45 League T55"]
[Site "Internet Chess Club"]
[Date "2012.11.19"]
[Round "1"]
[White "Morovon23"]
[Black "Wargasm"]
[Result "1-0"]
[WhiteElo "2333"]
[BlackElo "2165"]
[Opening "Grünfeld: exchange variation"]
[ECO "D85"]
[Time "14:00:59"]
[TimeControl "2700+45"]

1. d4 Nf6 2. c4 g6 3. Nc3 d5 4. cxd5 Nxd5 5. Bd2 Bg7 6. e4 Nxc3 7. Bxc3 O-O 8.
Rc1 c5 9. d5 Bxc3+ 10. Rxc3 e6 11. Bc4 exd5 12. Bxd5 Nd7 13. Ne2 Nf6 14. O-O
Nxd5 15. exd5 b6 16. Re3 Ba6 17. Re1 Bxe2 18. R1xe2 Qd6 19. g3 Rad8 20. Re7 Rd7
21. Rxd7 Qxd7 22. d6 Rd8 23. Qd5 Qf5 24. Re5 Qf6 25. d7 Kf8 26. f4 h5 27. h4 c4
28. a4 a6 29. Kf2 b5 30. a5 b4 31. Ke3 c3 32. bxc3 b3 33. Kd3 Kg7 34. c4 b2 35.
Kc2 Rb8 36. Kb1 Kh7 37. c5 {Black resigns} 1-0

[Event "Team 45 45 League T55"]
[Site "Internet Chess Club"]
[Date "2012.11.19"]
[Round "1"]
[White "Pacini"]
[Black "MikeA"]
[Result "0-1"]
[WhiteElo "2121"]
[BlackElo "2273"]
[Opening "Pirc: classical, h3 system"]
[ECO "B06"]
[Time "21:18:56"]
[TimeControl "2700+45"]

1. e4 g6 2. d4 Bg7 3. Nf3 d6 4. h3 Nf6 5. Nc3 O-O 6. a4 Nc6 7. Be3 Nb4 8. Qd2 a5
9. Be2 b6 10. O-O Bb7 11. e5 dxe5 12. Nxe5 e6 13. Rfd1 Nfd5 14. Nxd5 Nxd5 15.
Bh6 f6 16. Bxg7 Kxg7 17. Nd3 Qd6 18. Bf3 Bc6 19. c4 Nb4 20. Bxc6 Nxc6 21. Nf4
Nb4 22. Qe3 Rae8 23. Rac1 Re7 24. b3 Rfe8 25. Nd3 Nc6 26. c5 Qd7 27. cxb6 cxb6
28. d5 exd5 29. Qxb6 Rc8 30. Rc2 Qe8 31. Rdc1 Re6 32. Nf4 Rd6 33. Nxd5 Qd7 34.
Ne3 h6 35. Qb5 h5 36. Qa6 Kh6 37. Kh2 Rc7 38. Nc4 Ra7 39. Qb6 Re6 40. Rd2 Qe7
41. Rcd1 Ne5 42. Qe3+ Kg7 43. Nxe5 Rxe5 44. Qxa7 Qxa7 45. Rd7+ Qxd7 46. Rxd7+
Kh6 47. Rb7 Re2 48. Rb5 Rb2 49. Kg3 Rb1 50. h4 Rb2 51. Kf3 Kg7 52. Rb7+ Kh6 53.
g3 Rb1 54. Kf4 Rf1 55. f3 Rb1 56. Rb5 Kg7 57. Rb7+ Kf8 58. Ke4 Rb2 59. Kd5 Rf2
60. f4 Re2 61. Ra7 Re3 62. Kc4 Rxg3 63. f5 Rg4+ 64. Kc3 Rg3+ 65. Kc4 g5 66. hxg5
fxg5 67. Rxa5 h4 68. b4 Rg4+ 69. Kc3 h3 70. b5 h2 71. Ra8+ Kg7 72. f6+ Kf7 73.
Rh8 Rh4 74. Rxh4 gxh4 75. b6 h1=Q 76. Kb4 Qb1+ {White resigns} 0-1

[Event "Team 45 45 League T55"]
[Site "Internet Chess Club"]
[Date "2012.11.18"]
[Round "1"]
[White "StephenHawking"]
[Black "Pomberito"]
[Result "0-1"]
[WhiteElo "2202"]
[BlackElo "2150"]
[Opening "QGD: classical variation (5.Bf4)"]
[ECO "D31"]
[Time "20:04:24"]
[TimeControl "2700+45"]

1. d4 d5 2. c4 e6 3. Nc3 Be7 4. Nf3 Nf6 5. Bf4 O-O 6. e3 b6 7. cxd5 Nxd5 8. Nxd5
Qxd5 9. Bd3 Qa5+ 10. Ke2 Ba6 11. a3 c5 12. b4 Bxd3+ 13. Qxd3 Qa4 14. bxc5 bxc5
15. Rhc1 Nd7 16. Kf1 Rac8 17. Rc4 Qa6 18. Rc3 Qxd3+ 19. Rxd3 cxd4 20. Rad1 Bf6
21. Bd6 Rfd8 22. Nxd4 Nb6 23. Bg3 Bxd4 24. Rxd4 Rxd4 25. Rxd4 f6 26. Bd6 Rc1+
27. Ke2 Rc2+ 28. Kf3 Nc4 29. g3 e5 30. Rd5 Kf7 31. Bb4 Ke6 32. Rb5 a5 33. Bxa5
Nxa3 34. Rb7 Nc4 35. Be1 f5 36. Rxg7 e4+ 37. Kg2 Nxe3+ 38. Kg1 Ng4 39. Rxh7 Rc1
40. Kf1 Ne5 41. Ke2 Rc2+ 42. Kd1 Ra2 43. Rh6+ Kf7 44. Rb6 Nd3 45. Bd2 Nxf2+ 46.
Ke2 Ng4 47. h3 Ne5 48. Rb7+ Ke6 49. Kd1 Nc4 50. Bg5 Rg2 51. Re7+ Kd6 52. Rf7 e3
53. Rxf5 Nb2+ 54. Ke1 Nd3+ 55. Kf1 e2+ 56. Kxg2 e1=Q 57. Rf1 Qe4+ 58. Kg1 Ne1
59. Bf4+ Ke6 60. Rf2 Kd5 61. Kf1 Nd3 62. Rd2 Qh1+ 63. Ke2 Ke4 {White resigns}
0-1

[Event "Team 45 45 League T55"]
[Site "Internet Chess Club"]
[Date "2012.11.15"]
[Round "1"]
[White "parpin"]
[Black "perikitosax"]
[Result "1-0"]
[WhiteElo "1966"]
[BlackElo "2006"]
[Opening "French: Réti (Spielmann) variation"]
[ECO "C00"]
[Time "12:34:51"]
[TimeControl "2700+45"]

1. e4 e6 2. b3 d5 3. Bb2 Nf6 4. e5 Nfd7 5. f4 c5 6. Qg4 Nc6 7. a3 g6 8. Nf3 Bg7
9. Nc3 a6 10. h4 b5 11. h5 b4 12. Ne2 bxa3 13. Bxa3 Nb4 14. Bxb4 cxb4 15. hxg6
hxg6 16. Rxh8+ Bxh8 17. Ned4 Nc5 18. Bb5+ Kf8 19. Nc6 Qb6 20. Qh4 Bg7 21. Qe7+
Kg8 22. Qe8+ Bf8 23. Ne7+ Kg7 24. Ng5 {Black resigns} 1-0

[Event "Team 45 45 League T55"]
[Site "Internet Chess Club"]
[Date "2012.11.16"]
[Round "1"]
[White "chess9793"]
[Black "phoenix10q72"]
[Result "1-0"]
[WhiteElo "2161"]
[BlackElo "2158"]
[Opening "Sicilian: Najdorf, Byrne (English) attack"]
[ECO "B90"]
[Time "23:06:34"]
[TimeControl "2700+45"]

1. e4 c5 2. Nf3 d6 3. d4 cxd4 4. Nxd4 Nf6 5. Nc3 a6 6. Be3 e5 7. Nb3 Be6 8. f3
Nbd7 9. Qd2 Be7 10. O-O-O O-O 11. g4 b5 12. g5 b4 13. Ne2 Ne8 14. f4 a5 15. f5
a4 16. fxe6 axb3 17. exf7+ Rxf7 18. Kb1 bxc2+ 19. Kxc2 Nc5 20. Ng3 Rf8 21. Bc4+
Kh8 22. Rhf1 Rxf1 23. Rxf1 Nc7 24. Bxc5 dxc5 25. Qxd8+ Rxd8 26. Rf7 Bd6 27. Nf5
Ne8 28. Bb5 g6 29. Nh6 Nc7 30. Bc4 b3+ 31. Kxb3 Rb8+ 32. Kc2 Nb5 33. Rd7 Nd4+
34. Kc3 Bf8 35. Nf7+ Kg8 36. Nxe5+ Kh8 37. b4 Bg7 38. Nf7+ Kg8 39. e5 Nf3 40.
Rd8+ Rxd8 41. Nxd8+ Kh8 42. Nf7+ Kg8 43. bxc5 Kf8 44. c6 Nxe5 45. Nxe5 Bxe5+ 46.
Kb4 Bxh2 47. Kc5 Bc7 48. Kb5 Ke7 49. Ka6 Kd6 50. Kb7 Bd8 51. Bg8 Ke5 52. Bxh7
Kf5 53. c7 Bxc7 54. Kxc7 Kxg5 55. a4 Kh6 56. Bxg6 Kxg6 57. a5 {Black resigns}
1-0

[Event "Team 45 45 League T55"]
[Site "Internet Chess Club"]
[Date "2012.11.16"]
[Round "1"]
[White "Burning-Bush"]
[Black "Rodin7"]
[Result "1-0"]
[WhiteElo "2096"]
[BlackElo "2014"]
[Opening "King's Indian: fianchetto without c4"]
[ECO "A49"]
[Time "22:08:08"]
[TimeControl "2700+45"]

1. d4 Nf6 2. Nf3 g6 3. g3 Bg7 4. Bg2 O-O 5. O-O c6 6. Bf4 d6 7. Re1 Qb6 8. Qc1
Bf5 9. c3 Re8 10. Nbd2 Nh5 11. Be3 Qc7 12. Nc4 b5 13. Na3 Nd7 14. Bh6 e5 15. e4
Bg4 16. Nh4 Be6 17. d5 Nc5 18. dxe6 Nd3 19. Qd2 Nxe1 20. exf7+ Qxf7 21. Rxe1
Bxh6 22. Qxh6 Qxa2 23. Qd2 Rad8 24. Bf3 Nf6 25. Ng2 Kg7 26. Ne3 a5 27. Kg2 Re7
28. h4 h5 29. c4 b4 30. Nb1 d5 31. cxd5 cxd5 32. Nxd5 Nxd5 33. exd5 e4 34. Qd4+
Kh7 35. Bxe4 Rxe4 36. Rxe4 Qxd5 37. Qe3 Rd7 38. Kh2 Rf7 39. Re7 Kg8 40. Rxf7
Kxf7 41. Nd2 a4 42. Qf4+ Qf5 43. Qc7+ Kf6 44. Qc6+ Kg7 45. Kg2 g5 46. hxg5 Qxg5
47. Nf3 Qa5 48. Qd7+ Kf6 49. Qd6+ Kg7 50. Qe7+ Kg8 51. Ng5 Qd5+ 52. Kh2 a3 53.
bxa3 bxa3 54. Ne4 Qf7 55. Qxa3 {Black resigns} 1-0

[Event "Team 45 45 League T55"]
[Site "Internet Chess Club"]
[Date "2012.11.18"]
[Round "1"]
[White "Cryptochess"]
[Black "boknoy"]
[Result "1-0"]
[WhiteElo "2042"]
[BlackElo "1976"]
[Opening "Sicilian defense"]
[ECO "B41"]
[Time "21:00:17"]
[TimeControl "2700+45"]

1. e4 c5 2. Nf3 e6 3. d4 cxd4 4. c3 d3 5. Bxd3 Qc7 6. O-O Nc6 7. c4 Nf6 8. Nc3
a6 9. h3 b6 10. Qe2 Bd6 11. Be3 Nh5 12. e5 Bxe5 13. Nxe5 Qxe5 14. f4 Qa5 15. Ne4
Nf6 16. Nd6+ Ke7 17. c5 bxc5 18. Nc4 Qb5 19. Qf2 d6 20. Nxd6 Qxd3 21. Bxc5 Qxd6
22. Bxd6+ Kxd6 23. Rfd1+ Nd5 24. Rac1 Bd7 25. f5 g6 26. Qg3+ Ke7 27. f6+ Kxf6
28. Qd6 Rhd8 29. Rxd5 Be8 30. Qf4+ Kg7 31. Rxd8 Rxd8 32. Qc7 Rd7 33. Qc8 Rd8 34.
Qxa6 Nd4 35. Kh1 Bb5 36. Qb6 Rd5 37. Rc5 {Black resigns} 1-0

[Event "Team 45 45 League T55"]
[Site "Internet Chess Club"]
[Date "2012.11.18"]
[Round "1"]
[White "PandorasBox"]
[Black "Legal"]
[Result "1-0"]
[WhiteElo "1907"]
[BlackElo "1966"]
[Opening "English, 1...Nf6 (Anglo-Indian defense)"]
[ECO "A15"]
[Time "16:35:43"]
[TimeControl "2700+45"]

1. c4 Nf6 2. g3 g6 3. Bg2 Bg7 4. Nc3 c6 5. e4 d6 6. Nge2 e5 7. O-O O-O 8. d3
Nbd7 9. f4 Ng4 10. Qb3 Nc5 11. Qc2 Qb6 12. Kh1 f5 13. h3 Nh6 14. fxe5 fxe4 15.
Rxf8+ Bxf8 16. exd6 exd3 17. Qd1 dxe2 18. Qxe2 Nf5 19. Bf4 Bd7 20. g4 Re8 21.
Qd2 Ng7 22. Be3 Qa5 23. Rf1 Na4 24. Nd5 Qxd2 25. Nf6+ Kf7 26. Nxd7+ Ke6 27.
Nxf8+ Rxf8 28. Bxd2 Rxf1+ 29. Bxf1 Kxd6 30. b4 c5 31. Bf4+ Ke6 32. a3 Ne8 33.
Bg2 Nd6 34. Bxd6 Kxd6 35. Bxb7 Nb6 36. Ba6 g5 37. Kg2 Nd7 38. Kf3 Nb8 39. Bb7
Nd7 40. Ke4 h6 41. Kf5 Ne5 42. bxc5+ {Black resigns} 1-0

[Event "Team 45 45 League T55"]
[Site "Internet Chess Club"]
[Date "2012.11.19"]
[Round "1"]
[White "Chatica"]
[Black "grabuark"]
[Result "1/2-1/2"]
[WhiteElo "2233"]
[BlackElo "2218"]
[Opening "King's Indian: London system"]
[ECO "A45"]
[Time "21:27:18"]
[TimeControl "2700+45"]

1. d4 Nf6 2. Bf4 g6 3. Nf3 Bg7 4. e3 d6 5. c4 O-O 6. Nc3 c5 7. Be2 Qb6 8. Qd2
Nc6 9. h3 Bf5 10. d5 Na5 11. O-O Qb4 12. a3 Qb6 13. Na4 Qa6 14. Qd1 Nxc4 15. b3
b5 16. Nxc5 Qb6 17. bxc4 Qxc5 18. Rc1 bxc4 19. Bxc4 Rfc8 20. Nd4 Qxa3 21. Nc6
Rc7 22. g4 Bc8 23. Ra1 Qc3 24. Rc1 Qa3 25. Ra1 Qc3 {Game drawn by mutual
agreement} 1/2-1/2

[Event "Team 45 45 League T55"]
[Site "Internet Chess Club"]
[Date "2012.11.16"]
[Round "1"]
[White "Zumbi"]
[Black "SlimeDog2"]
[Result "1-0"]
[WhiteElo "2221"]
[BlackElo "2104"]
[Opening "QGD Slav: 3.Nf3"]
[ECO "D11"]
[Time "22:01:03"]
[TimeControl "2700+45"]

1. c4 c6 2. d4 d5 3. Nf3 Nf6 4. Qb3 Qb6 5. Nc3 e6 6. e3 Nbd7 7. Qc2 Be7 8. Bd3
O-O 9. cxd5 exd5 10. O-O Re8 11. Re1 Nf8 12. Bd2 Bd6 13. h3 Qc7 14. b4 a6 15.
Rab1 Qe7 16. e4 dxe4 17. Nxe4 Nxe4 18. Rxe4 Qd8 19. Rxe8 Qxe8 20. Re1 Be6 21.
Ng5 h6 22. Nxe6 Nxe6 23. Bf5 Qd7 24. Bxe6 fxe6 25. Qg6 Re8 26. Bxh6 Bxb4 27. Re4
Qf7 28. Qg3 Bf8 29. Bf4 Qf5 30. f3 c5 31. dxc5 Bxc5+ 32. Kh2 Rd8 33. Be5 Rd7 34.
Rg4 Bf8 35. Rg5 Qc2 36. a3 b5 37. Qg4 Qc4 38. f4 a5 39. h4 b4 40. axb4 axb4 41.
h5 Kf7 42. Rxg7+ Bxg7 43. Qxg7+ Ke8 44. Qg8+ Ke7 45. h6 {Black resigns} 1-0

[Event "Team 45 45 League T55"]
[Site "Internet Chess Club"]
[Date "2012.11.19"]
[Round "1"]
[White "eurander"]
[Black "MaryAngels"]
[Result "0-1"]
[WhiteElo "2094"]
[BlackElo "2062"]
[Opening "Ruy Lopez: Wormald (Alapin) attack"]
[ECO "C77"]
[Time "14:00:15"]
[TimeControl "2700+45"]

1. e4 e5 2. Nf3 Nc6 3. Bb5 a6 4. Ba4 Nf6 5. Qe2 Be7 6. c3 b5 7. Bb3 d6 8. O-O
O-O 9. Rd1 Bg4 10. h3 Bh5 11. d3 Na5 12. Bc2 c5 13. Nbd2 Qc7 14. Nf1 Rfe8 15.
Ng3 Bg6 16. Nh4 Kh8 17. Ngf5 Bf8 18. a4 b4 19. Re1 Rab8 20. Bg5 Nd7 21. d4 exd4
22. cxd4 b3 23. Bd1 d5 24. Qg4 cxd4 25. Nxg6+ fxg6 26. Nxd4 Nc5 27. Bf3 Nd3 28.
Re2 Qc4 29. exd5 Ne5 30. Rxe5 Rxe5 31. Rc1 Rxg5 {White resigns} 0-1

[Event "Team 45 45 League T55"]
[Site "Internet Chess Club"]
[Date "2012.11.18"]
[Round "1"]
[White "Ptzz"]
[Black "aww-rats"]
[Result "0-1"]
[WhiteElo "2092"]
[BlackElo "2083"]
[Opening "Dutch: Leningrad, main variation with c6"]
[ECO "A88"]
[Time "14:00:30"]
[TimeControl "2700+45"]

1. d4 f5 2. g3 Nf6 3. Bg2 g6 4. c4 Bg7 5. Nf3 O-O 6. O-O d6 7. Nc3 c6 8. d5 cxd5
9. cxd5 Nbd7 10. Ng5 Nc5 11. Be3 a5 12. Bxc5 dxc5 13. Qb3 Kh8 14. d6 Ra6 15.
Rad1 Rxd6 16. Rxd6 Qxd6 17. Rd1 a4 18. Qc4 b5 19. Qxb5 Qc7 20. Qxa4 h6 21. Nf3
Bd7 22. Qc4 Rb8 23. b3 Rb4 24. Qf7 Be8 25. Qe6 Rb6 26. Qc4 Rb4 27. Qa6 e5 28.
Rd6 e4 29. Ne5 Rd4 30. Re6 Bd7 31. Nf7+ Kh7 32. Rxf6 Bc8 33. Qb6 Qe7 34. Rc6 Bd7
35. Rc7 Qxf7 36. Qxc5 Rd2 37. Bf1 Bd4 38. Qc4 Qg7 39. e3 Be5 40. Rc5 Rc2 41.
Rxe5 Qxe5 42. Qd5 Qxd5 43. Nxd5 Kg7 44. Nb4 Rc1 45. Kg2 Be6 46. Bb5 Kf6 47. Nc6
Ra1 48. Nd4 Rxa2 49. Nxe6 Kxe6 50. Bc4+ Ke5 51. h4 g5 52. hxg5 hxg5 53. Bf7 Ra1
54. Be8 Rb1 55. Bf7 f4 56. gxf4+ gxf4 57. exf4+ Kxf4 58. Bd5 Rb2 59. Kf1 Kf3 60.
Kg1 Rb1+ 61. Kh2 Rf1 62. Be6 Rxf2+ 63. Kg1 e3 64. b4 e2 65. Bg4+ Kg3 {White
resigns} 0-1

[Event "Team 45 45 League T55"]
[Site "Internet Chess Club"]
[Date "2012.11.17"]
[Round "1"]
[White "chiiwen"]
[Black "AugustoCaruso"]
[Result "1/2-1/2"]
[WhiteElo "2174"]
[BlackElo "2217"]
[Opening "French: Tarrasch, closed variation, main line"]
[ECO "C06"]
[Time "12:03:37"]
[TimeControl "2700+45"]

1. e4 e6 2. d4 d5 3. Nd2 Nf6 4. e5 Nfd7 5. c3 c5 6. Bd3 Nc6 7. Ne2 cxd4 8. cxd4
f6 9. exf6 Qxf6 10. Nf3 h6 11. O-O Bd6 12. Ng3 O-O 13. Bc2 Rf7 14. Nh5 Qd8 15.
Bg6 Re7 16. Bf4 Nf8 17. Bc2 Rc7 18. Re1 Bxf4 19. Nxf4 Qf6 20. Nh5 Qe7 21. Rc1
Bd7 22. Ba4 Rac8 23. Bxc6 Bxc6 24. Nf4 Bb5 25. Qd2 Rxc1 26. Rxc1 Rxc1+ 27. Qxc1
g5 28. Nh5 Be2 29. Qe3 Bxf3 30. Qxf3 Qb4 31. Nf6+ Kg7 32. Ne8+ Kg8 33. Nf6+
{Game drawn by mutual agreement} 1/2-1/2

[Event "Team 45 45 League T55"]
[Site "Internet Chess Club"]
[Date "2012.11.14"]
[Round "1"]
[White "QueensCounselor"]
[Black "NFork"]
[Result "1/2-1/2"]
[WhiteElo "2066"]
[BlackElo "2234"]
[Opening "Caro-Kann: exchange variation"]
[ECO "B13"]
[Time "13:00:32"]
[TimeControl "2700+45"]

1. e4 c6 2. d4 d5 3. exd5 cxd5 4. Bd3 Nc6 5. c3 Qc7 6. Ne2 Bg4 7. f3 Bd7 8. Bf4
e5 9. dxe5 Nxe5 10. O-O Bd6 11. Nd4 Ne7 12. Na3 a6 13. Nac2 O-O 14. Qd2 N7g6 15.
Bxg6 hxg6 16. Rae1 Rfe8 17. Rf2 Nc4 18. Bxd6 Qxd6 19. Rxe8+ Rxe8 20. Qc1 Qc5 21.
Ne1 Ne5 22. Qd2 Qa5 23. a3 Qb6 24. Re2 Kf8 25. Nd3 Nc4 26. Rxe8+ Bxe8 27. Qe2 a5
28. Kf1 Qd6 29. g3 Bd7 30. Kg2 g5 31. Qe1 f6 32. Qe2 Kf7 33. Kf2 Qb6 34. Kg2 g4
35. fxg4 Bxg4 36. Qf2 {Game drawn by mutual agreement} 1/2-1/2

[Event "Team 45 45 League T55"]
[Site "Internet Chess Club"]
[Date "2012.11.17"]
[Round "1"]
[White "Feifo"]
[Black "fledermaus"]
[Result "1/2-1/2"]
[WhiteElo "1936"]
[BlackElo "1920"]
[Opening "Sicilian: Scheveningen variation"]
[ECO "B80"]
[Time "21:02:29"]
[TimeControl "2700+45"]

1. e4 c5 2. Nf3 e6 3. d4 cxd4 4. Nxd4 Nf6 5. Nc3 d6 6. Be3 Be7 7. f3 O-O 8. g4
d5 9. g5 Nfd7 10. Qd2 e5 11. Nf5 d4 12. Nd5 Nc6 13. Nfxe7+ Nxe7 14. Nxe7+ Qxe7
15. Bf2 Nb6 16. O-O-O Be6 17. Kb1 Rfc8 18. f4 Nc4 19. Bxc4 Bxc4 20. fxe5 Qxe5
21. Bxd4 Qxe4 22. b3 Be6 23. Rhe1 Qg6 24. Re5 Bf5 25. Rc5 b6 26. Rc3 h5 27. gxh6
Qxh6 28. Qg2 Rxc3 29. Bxc3 Rc8 30. Kb2 Re8 31. Rg1 Bg6 32. Qd5 Re2 33. Rg2 Rxg2
34. Qxg2 Qf4 35. Qg1 Qe4 36. Qf2 b5 37. Qd2 Kh7 {Game drawn by mutual agreement}
1/2-1/2

[Event "Team 45 45 League T55"]
[Site "Internet Chess Club"]
[Date "2012.11.16"]
[Round "1"]
[White "jonesey"]
[Black "barbak"]
[Result "1-0"]
[WhiteElo "1874"]
[BlackElo "1923"]
[Opening "Sicilian: Grand Prix attack"]
[ECO "B23"]
[Time "17:01:15"]
[TimeControl "2700+45"]

1. e4 c5 2. Nc3 Nc6 3. f4 g6 4. Nf3 Bg7 5. Bb5 Nd4 6. O-O Nxb5 7. Nxb5 d5 8.
exd5 a6 9. Nc3 Nf6 10. d4 Nxd5 11. dxc5 Nxc3 12. Qxd8+ Kxd8 13. bxc3 Bxc3 14.
Rb1 Kc7 15. f5 Bxf5 16. Bf4+ Kc6 17. Rb6+ Kxc5 18. Be3+ Kc4 19. Rxb7 Rac8 20.
Rxe7 Rhe8 21. Nd2+ Kd5 22. Rxe8 Rxe8 23. Kf2 Bd4 24. c4+ Kc5 25. Nb3+ Kxc4 26.
Nxd4 Be4 27. Rc1+ Kd5 28. Rc7 Bxg2 29. Rxf7 h5 30. Rf6 Be4 31. Rxa6 Rf8+ 32. Ke2
Kc4 33. Ra4+ Kd5 34. Ra5+ Kd6 35. a4 Rf7 36. Rb5 Rf8 37. a5 Ra8 38. Rb6+ Kd5 39.
a6 Kc4 40. Nb5 {Black resigns} 1-0

[Event "Team 45 45 League T55"]
[Site "Internet Chess Club"]
[Date "2012.11.16"]
[Round "1"]
[White "powerchess1"]
[Black "Juan73"]
[Result "0-1"]
[WhiteElo "1668"]
[BlackElo "1738"]
[Opening "Queen's pawn game, Darooha variation "]
[ECO "D02"]
[Time "18:04:47"]
[TimeControl "2700+45"]

1. d4 d5 2. Nf3 Nf6 3. c4 Nc6 4. g3 dxc4 5. Bg2 e5 6. e3 Bg4 7. Qa4 Bb4+ 8. Bd2
Bxd2+ 9. Nbxd2 Qd7 10. Qxc4 exd4 11. exd4 O-O 12. O-O Rad8 13. Nb3 Rfe8 14. Ne5
Nxe5 15. dxe5 Rxe5 16. Bxb7 Be2 17. Qf4 Rf5 18. Bc6 Qd3 19. Be4 Qxe4 20. Qxe4
Nxe4 21. Rfe1 Bf3 22. Rac1 c5 23. Re3 c4 24. Na5 Ng5 25. h4 Nh3+ 26. Kh2 Bg4 27.
f4 Rxa5 28. Rxc4 Rxa2 29. Rd4 Rxb2+ 30. Kh1 Bf3+ {White resigns} 0-1

[Event "Team 45 45 League T55"]
[Site "Internet Chess Club"]
[Date "2012.11.18"]
[Round "1"]
[White "Victor24"]
[Black "spongenotbob"]
[Result "1-0"]
[WhiteElo "1649"]
[BlackElo "1846"]
[Opening "Caro-Kann: advance variation"]
[ECO "B12"]
[Time "02:00:12"]
[TimeControl "2700+45"]

1. e4 c6 2. d4 d5 3. e5 Bf5 4. h4 h6 5. g4 Bh7 6. e6 fxe6 7. Bd3 Bxd3 8. Qxd3
Nf6 9. Nf3 Qd6 10. Ne5 Ne4 11. f3 Nd7 12. fxe4 Nxe5 13. dxe5 Qxe5 14. Nc3 g6 15.
Bd2 O-O-O 16. O-O-O Bg7 17. exd5 Rxd5 18. Qxg6 Bf6 19. Rde1 Qd4 20. Be3 Qb4 21.
a3 Qc4 22. Nxd5 Qxd5 23. Kb1 Qb5 24. Bc1 Rd8 25. Rxe6 {Black resigns} 1-0

[Event "Team 45 45 League T55"]
[Site "Internet Chess Club"]
[Date "2012.11.17"]
[Round "1"]
[White "Manch"]
[Black "pereelcoix"]
[Result "0-1"]
[WhiteElo "1597"]
[BlackElo "1389"]
[Opening "Réti opening"]
[ECO "A13"]
[Time "10:00:43"]
[TimeControl "2700+45"]

1. Nf3 e6 2. c4 c5 3. Nc3 Nf6 4. e4 Nc6 5. e5 Ng4 6. d3 Ngxe5 7. Nxe5 Nxe5 8.
Bf4 Bd6 9. Bg3 Qb6 10. b3 O-O 11. Ne4 Qb4+ 12. Qd2 Bb8 13. Nc3 Nc6 14. Ne4 Bxg3
15. fxg3 d5 16. cxd5 exd5 17. Nc3 d4 18. Nd5 Re8+ 19. Kd1 Bg4+ 20. Kc2 Qxd2+ 21.
Kxd2 Rad8 22. Nf4 Ne5 23. h3 Bd7 24. Rc1 b6 25. Rb1 Bb5 26. a4 Bc6 27. Rc1 a5
28. Be2 Re7 29. Rhg1 Rde8 30. Rcf1 Nd7 31. Bf3 Bxf3 32. Rxf3 g5 33. Nh5 Re2+ 34.
Kc1 R8e3 35. Rxe3 dxe3 36. g4 Rd2 37. Ng3 Rxd3 38. Kc2 Ne5 39. Ne4 e2 40. Nxg5
Re3 41. Re1 h6 42. Nf3 Nd3 43. Kd2 Nxe1 44. Kxe3 Nxf3 45. Kxe2 Nd4+ 46. Kd3 Nxb3
47. Kc4 Nd4 48. Kd5 f5 49. gxf5 Nxf5 50. Ke5 Ne3 51. g4 Kf7 52. Ke4 Nc4 53. h4
Nb2 54. g5 hxg5 55. hxg5 Nxa4 56. Kd5 b5 57. Kc6 b4 58. Kb5 b3 59. Kxa4 b2 60.
Kxa5 b1=Q 61. Ka6 c4 62. Ka5 c3 63. Ka4 c2 64. Ka3 c1=Q+ 65. Ka4 Qxg5 66. Ka3
Qa5# {White checkmated} 0-1

[Event "Team 45 45 League T55"]
[Site "Internet Chess Club"]
[Date "2012.11.23"]
[Round "1"]
[White "sockmonkey"]
[Black "drsigmund1"]
[Result "1-0"]
[WhiteElo "1463"]
[BlackElo "1558"]
[Opening "Dutch"]
[ECO "A80"]
[Time "06:07:07"]
[TimeControl "2700+45"]

1. d4 f5 2. Nf3 Nf6 3. Bg5 e6 4. Nbd2 Be7 5. Bxf6 Bxf6 6. e4 fxe4 7. Nxe4 Be7 8.
Qd2 O-O 9. d5 d6 10. O-O-O e5 11. Bd3 Bg4 12. Rhg1 Nd7 13. h3 Bf5 14. Kb1 c6 15.
Nxd6 Bxd3 16. Nxb7 Qb6 17. Qxd3 c5 18. d6 Bf6 19. Qb3+ Qxb3 20. cxb3 c4 21. bxc4
Rab8 22. Na5 e4 23. Nd4 Nc5 24. Nab3 Nd3 25. Rd2 a5 26. f3 a4 27. fxe4 axb3 28.
Rxd3 bxa2+ 29. Kxa2 Ra8+ 30. Kb3 Rfb8+ 31. Nb5 Rc8 32. Rd5 Rab8 33. e5 Bg5 34.
e6 Be3 35. Rf1 Rf8 36. Rxf8+ Kxf8 37. Rf5+ Ke8 38. Rf7 Bc5 39. d7+ Kd8 40. Rxg7
{Black resigns} 1-0

[Event "Team 45 45 League T55"]
[Site "Internet Chess Club"]
[Date "2012.11.17"]
[Round "1"]
[White "LiangLiang"]
[Black "justice02"]
[Result "0-1"]
[WhiteElo "1590"]
[BlackElo "1724"]
[Opening "Caro-Kann: advance variation"]
[ECO "B12"]
[Time "22:00:32"]
[TimeControl "2700+45"]

1. e4 c6 2. d4 d5 3. e5 Bf5 4. Nf3 e6 5. Be2 Nd7 6. O-O h6 7. Nc3 Rc8 8. Be3 Qc7
9. Re1 a6 10. Qd2 Bb4 11. Nxd5 Bxd2 12. Nxc7+ Rxc7 13. Bxd2 Bxc2 14. Rac1 Bh7
15. b4 Ne7 16. b5 axb5 17. Bxb5 O-O 18. Bb4 Re8 19. Bd6 Rcc8 20. Bxe7 Rxe7 21.
Rc3 Nb6 22. Rec1 Rec7 23. a4 Nd5 24. Rc5 cxb5 25. axb5 Rxc5 26. Rxc5 Rxc5 27.
dxc5 Bd3 28. b6 Ba6 29. Nd4 Kf8 30. f4 Nxf4 31. c6 bxc6 32. Nxc6 Nd3 33. g3 Nc5
34. Kf2 Nb7 35. Ke3 Bc4 36. Kd4 Bd5 37. Na7 Ke7 38. Nb5 Kd7 39. Nc7 Bg2 40. Kc4
Na5+ 41. Kb5 Nc6 42. Ka6 Nxe5 43. Ka7 Nc6+ 44. Ka6 Ne7 45. Nb5 Bf1 46. Ka5 Bxb5
47. Kxb5 Kc8 48. Kc5 Kb7 49. Kd6 Nc8+ 50. Ke5 Kxb6 51. h4 h5 52. Kf4 Kc5 53. g4
hxg4 54. Kxg4 e5 55. Kf3 Kd4 56. Ke2 e4 57. Kd2 f5 58. Ke2 f4 59. Kf2 Kd3 60.
Ke1 e3 61. h5 f3 62. h6 gxh6 63. Kf1 Kd2 64. Kg1 Ke2 65. Kh1 Kf2 66. Kh2 e2 67.
Kh3 e1=Q {White resigns} 0-1